 Dungeon Crawl Stone Soup version 0.32-a0-128-g77eb882913 (webtiles) character file.

Game seed: 12337094231212282946

9331 holysushi the Reanimator (level 11, -2/78 HPs)
             Began as a Mummy Necromancer on Feb 7, 2024.
             Was a High Priest of Wu Jian.
             Slain by a hornet (8 damage)
             ... on level 10 of the Dungeon.
             The game lasted 00:32:05 (12755 turns).

holysushi the Reanimator (Mummy Necromancer)       Turns: 12755, Time: 00:32:05

Health: -2/78      AC: 18    Str: 25    XL:     11   Next: 21%
Magic:  0/20       EV:  8    Int: 16    God:    Wu Jian [*****.]
Gold:   325        SH:  0    Dex: 11    Spells: 14/22 levels left

rFire   + . .        A - +7 battleaxe
rCold   + . .        (shield currently unavailable)
rNeg    + + +        r - +4 plate armour {rF+}
rPois   ∞            i - +2 helmet
rElec   .            (no cloak)
rCorr   .            (no gloves)
SInv    .            (no boots)
Will    ++...        p - amulet of guardian spirit Stlth
                     g - +6 ring of strength
HPRegen 0.33/turn    u - ring "Imistyg" {rPois rF+ Will+ Str+7 Dex-4}
MPRegen 0.17/turn

%: guardian spirit, faith
@: animating dead
A: cold resistance 1, negative energy resistance 3, torment resistance 2, heat
vulnerability 1, in touch with death 1, no potions, faith
a: Renounce Religion, Wall Jump, Serpent's Lash, Heavenly Storm


You were on level 10 of the Dungeon.
You worshipped Wu Jian.
Wu Jian was extremely pleased with you.
You visited 2 branches of the dungeon, and saw 11 of its levels.
You also visited: Bailey.

You collected 555 gold pieces.
You spent 230 gold pieces at shops.

Inventory:

Hand Weapons
 c - a +0 dagger
 d - a +4 hand axe
 j - a +4 hammer
 A - a +7 battleaxe (weapon)
 B - a +2 hand cannon of draining
 C - a +3 short sword of draining
Missiles
 D - a throwing net
Armour
 a - a +0 robe
 i - a +2 helmet (worn)
 r - a +4 plate armour of fire resistance (worn)
 v - +0 steam dragon scales
 F - a +0 troll leather armour
Magical Staves
 s - a staff of death
Jewellery
 g - a +6 ring of strength (left hand)
 h - a ring of protection from cold
 p - an amulet of guardian spirit (around neck)
 u - the ring "Imistyg" (right hand) {rPois rF+ Will+ Str+7 Dex-4}
   (You found it on level 6 of the Dungeon)

   [ring of protection from fire]

   Str+7:     It affects your strength (+7).
   Dex-4:     It affects your dexterity (-4).
   rF+:       It protects you from fire.
   rPois:     It protects you from poison Will+: It increases your willpower.
Wands
 l - a wand of polymorph (14)
 m - a wand of light (2)
 w - a wand of paralysis (9)
 E - a wand of flame (28)
Scrolls
 b - 2 scrolls of teleportation
 e - 2 scrolls of identify
 f - a scroll of immolation
 k - a scroll of noise
 n - a scroll of poison
 o - a scroll of summoning
 t - a scroll of fog
 x - a scroll of amnesia
 y - a scroll of enchant armour
 z - a scroll of fear
 G - a scroll of blinking
Miscellaneous
 q - a box of beasts (inert)


   Skills:
 + Level 4.7 Fighting
 + Level 2.8 Axes
 - Level 7.8 Staves
 + Level 3.6 Armour
 + Level 3.4 Dodging
 - Level 1.5 Stealth
 - Level 6.0 Spellcasting
 + Level 11.4 Necromancy
 - Level 3.0 Evocations


You had 14 spell levels left.
You knew the following spells:

 Your Spells              Type           Power      Damage    Failure   Level
a - Necrotise             Necr           100%       1d9       1%          1
b - Vampiric Draining     Necr           58%        2d10      6%          3
c - Animate Dead          Necr           58%        N/A       19%         4

Your spell library contained the following spells:

 Spells                   Type           Power      Damage    Failure   Level
 Curse of Agony           Necr           58%        N/A       47%         5


Dungeon Overview and Level Annotations

Branches:
Dungeon (10/15) Zot: 26948  Temple (1/1) D:4 Zot: 5998  Bailey (visited)
   Lair: D:8-11         Orc: D:9-12

Altars:
Ashenzari
Cheibriados
Dithmenos
Fedhas
Gozag
Hepliaklqana
Kikubaaqudgha
Makhleb
Nemelex Xobeh
Okawaru
Qazlal
Ru
Sif Muna
Trog
Uskayaw
Vehumet
Wu Jian
Xom
Yredelemnul

Shops:
D:4 :   D:7 *

Annotations:
D:2 1 runed translucent door, Crazy Yiuf
D:8 2 exclusions


Innate Abilities, Weirdness & Mutations

You are immune to poison.
Your flesh is cold resistant. (rC+)
You are immune to negative energy. (rN+++)
You are immune to unholy pain and torment.
You are vulnerable to heat. (rF-)
You are in touch with the powers of death.
You do not drink.
You have a special connection with the divine. (Faith)


Message History

The centaur warrior is severely wounded.
You spin to attack the hornet, but your attack speed is too slow for a blow to land.
The hornet stings you but does no damage.
The centaur warrior hits you!
The centaur warrior kicks you but does no damage.
The hornet barely misses you.
You spin to attack the centaur warrior, but your attack speed is too slow for a blow to land.
You spin to attack the hornet, but your attack speed is too slow for a blow to land.
The centaur warrior hits you but does no damage.
The centaur warrior kicks you but does no damage.
The hornet stings you but does no damage.
The centaur warrior hits you but does no damage.
The centaur warrior kicks you but does no damage.
You spin and attack the centaur warrior.
You slash the centaur warrior!
The centaur warrior is almost dead.
You spin to attack the hornet, but your attack speed is too slow for a blow to land.
The hornet stings you.
* * * LOW HITPOINT WARNING * * *
The centaur warrior hits you!
* * * LOW HITPOINT WARNING * * *
The centaur warrior kicks you but does no damage.
The hornet barely misses you.
You open the lid... ...and a larval fireox beast leaps out!
The box is emptied!
The centaur warrior hits you.
* * * LOW HITPOINT WARNING * * *
The centaur warrior kicks you but does no damage.
The hornet stings you!
* * * LOW HITPOINT WARNING * * *
The centaur warrior barely misses you.
The centaur warrior kicks you but does no damage.
You slash the centaur warrior!
You kill the centaur warrior!
The Council accepts your kill.
You slash the hornet!
The dead are walking!
The hornet stings you but does no damage.
The hornet stings you.
* * * LOW HITPOINT WARNING * * *
The hornet stings you!
You die...

#.#####......#
####...........#
#..........#<#..#
#.##.##.##.#......#
#.##.......#####.##
#####.##.###...# #
#........# #...#
#######.###.#H.# #...#
......(.......@# #...#
.######.##.##y)###.⌠.#
#.##.##Z...#....
#....)..######...
####y#### #...#
#.###.# .c. ... ...
..^


You could see a hornet (ally target), a friendly larval fireox beast (summoned)
and a friendly centaur warrior zombie.

Vanquished Creatures
  An orc warlord (Bailey)
  A centaur warrior (D:10)
  A troll (D:9)
  2 hornets
  A wraith (D:9)
  2 wyverns
  7 yaks (D:8)
  2 steam dragons
  Menkaure (D:3)
  2 water moccasins
  5 ice beasts
  9 orc warriors
  A sky beast (D:7)
  3 black bears
  3 wolves (D:8)
  An ogre (D:4)
  2 centaurs
  3 bullfrogs
  3 scorpions
  12 wights
  3 killer bees (D:9)
  A howler monkey (D:6)
  3 bombardier beetles
  5 orc priests
  6 hounds
  2 jellies
  A gnoll bouda (D:5)
  9 orc wizards
  3 iguanas
  4 sleepcaps
  9 gnolls
  7 adders
  2 shadow imps
  3 white imps
  An ufetubus (D:5)
  2 dart slugs (D:4)
  2 ribbon worms
  28 orcs
  3 ball pythons (D:1)
  4 endoplasms
  4 giant cockroaches
  12 goblins
  12 hobgoblins
  14 jackals
  4 quokkas
  A ball python zombie (D:3)
  5 bats
  A frilled lizard (D:1)
  14 kobolds
  5 rats
232 creatures vanquished.

Vanquished Creatures (collateral kills)
  Pikel (D:8)
  3 yaks (D:8)
  A steam dragon (D:5)
  2 orc warriors (Bailey)
  A necrophage (D:3)
  A bombardier beetle (D:4)
  An orc priest (D:8)
  2 gnolls (Bailey)
  A shadow imp (D:5)
  A white imp (D:5)
  2 adder zombies (D:3)
  A dart slug (D:1)
  3 orcs
  5 goblins
  A hobgoblin (Bailey)
  A jackal (D:1)
  A rat (D:1)
28 creatures vanquished.

Vanquished Creatures (others)
  A ribbon worm zombie (D:3)
  2 gnoll zombies (Bailey)
  A goblin zombie (Bailey)
  7 orc zombies
11 creatures vanquished.

Grand Total: 271 creatures vanquished

Notes
Turn   | Place    | Note
-------+----------+-------------------------------------------
     0 | D:1      | holysushi the Mummy Necromancer began the quest for the
                  | Orb.
     0 | D:1      | Reached XP level 1. HP: 13/13 MP: 4/4
   171 | D:1      | Reached XP level 2. HP: 15/20 MP: 0/6
   389 | D:1      | Reached skill level 1 in Fighting
   559 | D:1      | Reached XP level 3. HP: 26/26 MP: 5/7
  1164 | D:2      | Learned a level 3 spell: Vampiric Draining
  1198 | D:2      | Identified the +0 scale mail of the Shining Light {Int+3}
  1589 | D:2      | Reached XP level 4. HP: 33/33 MP: 6/9
  1724 | D:2      | Found a runed translucent door.
  1725 | D:2      | Noticed Crazy Yiuf
  1995 | D:3      | Learned a level 4 spell: Animate Dead
  1999 | D:3      | Found an ornate altar of the Wu Jian Council.
  2010 | D:3      | Became a worshipper of the Wu Jian Council
  2247 | D:3      | Found a basalt altar of Yredelemnul.
  2250 | D:3      | Noticed Menkaure
  2258 | D:3      | Found an ancient bone altar of Kikubaaqudgha.
  2316 | D:3      | Found a transporter.
  2446 | D:3      | Reached skill level 5 in Necromancy
  2869 | D:3      | Found a transporter.
  2869 | D:3      | Noticed a necrophage
  3121 | D:3      | Reached XP level 5. HP: 38/38 MP: 11/11
  3125 | D:3      | Reached skill level 6 in Necromancy
  3131 | D:3      | Killed Menkaure
  3131 | D:3      | Reached * piety under Wu Jian
  3132 | D:3      | Reached XP level 6. HP: 16/44 MP: 3/12
  3306 | D:4      | Found Atieny's Vocational Training.
  3839 | D:4      | Found a staircase to the Ecumenical Temple.
  4034 | Temple   | Entered the Ecumenical Temple
  4051 | D:4      | Reached skill level 1 in Staves
  4051 | D:4      | Reached skill level 1 in Armour
  4051 | D:4      | Reached skill level 7 in Necromancy
  4051 | D:4      | Reached skill level 1 in Evocations
  4051 | D:4      | Reached XP level 7. HP: 48/50 MP: 10/13
  4829 | D:5      | Entered Level 5 of the Dungeon
  4991 | D:5      | Noticed a steam dragon
  4995 | D:5      | Killed a steam dragon
  5198 | D:5      | Reached XP level 8. HP: 46/58 MP: 10/14
  5389 | D:5      | Reached skill level 8 in Necromancy
  5606 | D:5      | Reached ** piety under Wu Jian
  6631 | D:6      | Reached skill level 9 in Necromancy
  6723 | D:6      | Identified the ring "Imistyg" {rPois rF+ Will+ Str+7 Dex-4}
  6823 | D:6      | Reached XP level 9. HP: 63/63 MP: 15/15
  6951 | D:6      | Reached skill level 5 in Staves
  7007 | D:6      | You fall into a shaft and drop 3 floors!
  7217 | D:8      | Found a flagged portal.
  7233 | Bailey   | Entered a bailey
  7362 | Bailey   | Reached *** piety under Wu Jian
  7363 | Bailey   | Reached skill level 10 in Necromancy
  8234 | Bailey   | Noticed an orc warlord
  8255 | Bailey   | Killed an orc warlord
  8256 | Bailey   | Reached skill level 5 in Spellcasting
  8256 | Bailey   | Reached XP level 10. HP: 24/70 MP: 4/17
  8591 | D:8      | Noticed Grum
  8631 | D:8      | Grum changed into Grum the ice beast
  8631 | D:8      | Noticed Grum
  8778 | D:8      | Killed Grum the ice beast
  8975 | D:7      | Reached **** piety under Wu Jian
  9192 | D:7      | Found Deabriab's General Store.
  9197 | D:7      | Bought a scroll of enchant weapon for 90 gold pieces
  9197 | D:7      | Bought a wand of flame (6) for 50 gold pieces
  9197 | D:7      | Bought a scroll of enchant armour for 90 gold pieces
  9778 | D:7      | Noticed a manticore
  9788 | D:7      | Noticed a skeletal warrior
 10302 | D:8      | Reached skill level 1 in Axes
 10306 | D:8      | Reached skill level 11 in Necromancy
 11124 | D:8      | Noticed Pikel
 11142 | D:8      | Killed Pikel
 11143 | D:8      | Reached XP level 11. HP: 17/77 MP: 4/20
 11939 | D:9      | Reached ***** piety under Wu Jian
 12709 | D:10     | Entered Level 10 of the Dungeon
 12735 | D:10     | Noticed a centaur warrior
 12755 | D:10     | Killed a centaur warrior
 12755 | D:10     | Slain by a hornet

Illustrated notes

Levels and vault maps discovered:
D:1:      psy_arrival_heroes, layout_loops_ring
D:2:      layout_loops_ring, grunt_decor_one_mirror, uniq_crazy_yiuf_cottage
D:3:      layout_loops_corners, mainiacjoe_overflow_alcove_1,
          gammafunk_temple_of_torment, serial_park_tiny_2
D:4:      layout_layer_cave, temple_fountains, nicolae_shop_vocational
D:5:      layout_loops_ring, serial_bayou, serial_bayou_ford_a,
          serial_bayou_pond_d, serial_bayou_pond_b, serial_bayou_pond_b,
          minmay_misc_feat_enclosed
D:6:      layout_basic
D:7:      kennysheep_windowed_halls, layout_loops_ring, serial_shops, shop
D:8:      layout_basic, enter_bailey_5, uniq_pikel, uniq_grum
D:9:      layout_basic
D:10:     layout_loops_cross, ebering_ghost_reflecting_pool,
          nicolae_elevator_lobby_asterisk
Temple:   compressed_dpeg_triangle_lava_temple

Skill      XL: |  1  2  3  4  5  6  7  8  9 10 |
---------------+-------------------------------+-----
Spellcasting   | 3 4 5 6 |  6.0
Fighting       | 1 2 3 4 |  4.7
Necromancy     | 5 6 7 9 10 11 | 11.4
Staves         | 1 2 4 7 |  7.8
Armour         | 1 2 3 |  3.6
Evocations     | 1 2 3 |  3.0
Axes           | 2 |  2.8
Dodging        | 3 |  3.4
Stealth        | |  1.5

Action                     |  1- 3 |  4- 6 |  7- 9 | 10-12 || total
---------------------------+-------+-------+-------+-------++-------
  Melee: Unarmed           |     2 |       |       |       ||     2
         Dagger            |    60 |     6 |       |       ||    66
         Punch             |     2 |     8 |    13 |       ||    23
         Mace              |       |    57 |   251 |       ||   308
         Staff             |       |    56 |    13 |       ||    69
         Battleaxe         |       |       |       |   287 ||   287
   Cast: Necrotise         |    63 |    14 |   100 |    26 ||   203
         Animate Dead      |       |     4 |     1 |     4 ||     9
Ability: Lunge             |       |     7 |    14 |    21 ||    42
         Whirlwind         |       |     1 |    47 |    58 ||   106
  Evoke: Box of beasts     |       |     2 |     3 |     2 ||     7
         Wand              |       |     2 |    16 |     4 ||    22
    Use: Scroll            |       |       |    13 |     4 ||    17
   Stab: Sleeping          |     2 |     2 |       |       ||     4
         Invisible         |       |     1 |     2 |       ||     3
 Armour: Robe              |    54 |    32 |       |       ||    86
         Plate armour      |       |    59 |   355 |   470 ||   884
  Dodge: Dodged            |    67 |    69 |    95 |   153 ||   384

Table legend: (Time is in decaauts)
 A = Elapsed time spent in this place.
 B = Non-inter-level travel time spent in this place.
 C = Inter-level travel time spent in this place.
 D = Time resting spent in this place.
 E = Time spent auto-exploring this place.
 F = Levels seen in this place.
 G = Mean time per level.
                   A        B        C        D        E       F      G
               +--------+--------+--------+--------+--------+-----+--------+
         Total |  13003 |  12503 |    500 |   2577 |   6543 |  12 | 1083.6 |
       Dungeon |  11772 |  11272 |    500 |   1872 |   6530 |  10 | 1177.2 |
        Temple |      1 |      1 |      0 |      0 |      0 |   1 |    1.0 |
        Bailey |   1229 |   1229 |      0 |    705 |     13 |   1 | 1229.0 |
               +--------+--------+--------+--------+--------+-----+--------+

Top non-repeatable levels by time:
     D:8: 1959 daAuts
     D:3: 1471 daAuts
     D:4: 1466 daAuts
     D:5: 1288 daAuts
     D:6: 1271 daAuts
     D:7: 1242 daAuts
  Bailey: 1229 daAuts
     D:1: 1078 daAuts
     D:9: 1034 daAuts
     D:2: 912 daAuts
    D:10: 49 daAuts
  Temple: 1 daAuts
